 Dungeon Crawl Stone Soup version 0.29-a0-275-g389c0b56f3 (webtiles) character file.

Game seed: 7582285366255623876

33 croobank the Sneak (level 3, -1/17 HPs)
             Began as a Felid Delver on Mar 12, 2022.
             Slain by an adder (2 damage)
             ... on level 3 of the Dungeon.
             The game lasted 00:02:42 (347 turns).

croobank the Sneak (Felid Delver)                    Turns: 347, Time: 00:02:43

Health: -1/17      AC:  1    Str: 10    XL:     3   Next: 12%
Magic:  4/4        EV: 18    Int: 11    God:
Gold:   6          SH:  0    Dex: 17    Spells: 2/2 levels left
                                        Lives:  0   Deaths: 0

rFire   . . .      SeeInvis +     - Unarmed
rCold   . . .      Faith    .   (shield unavailable)
rNeg    . . .      Spirit   .   (body armour unavailable)
rPois   .          Reflect  .   (helmet unavailable)
rElec   .          Harm     .   (cloak unavailable)
rCorr   .          Rampage  .   (gloves unavailable)
Will    .....                   (boots unavailable)
Stlth   ++++......              (no amulet)
HPRegen 0.05/turn               (no ring)
MPRegen 0.09/turn               (no ring)

@: lethally poisoned (-1 -> -4), quick
A: very small, claws 1, fangs 3, see invisible, speed 1, shaggy fur 1, stealthy
paws, no weapons or thrown items, no armour, multi-lived
a: no special abilities


You were on level 3 of the Dungeon.
You visited 1 branch of the dungeon, and saw 3 of its levels.

You collected 6 gold pieces.

Inventory:

Wands
 e - a wand of digging (1)
Scrolls
 a - a scroll of fog
 b - a scroll of magic mapping
 c - a scroll of enchant armour {unknown}


   Skills:
 + Level 3.3 Fighting
 + Level 3.3 Dodging
 + Level 6.9 Stealth
 + Level 2.4 Unarmed Combat


You had 2 spell levels left.
You didn't know any spells.
Your spell library was empty.

Dungeon Overview and Level Annotations

Branches:
Dungeon (5/15)
 Temple: D:4-7

Altars:

Annotations:
D:4 Ijyb


Innate Abilities, Weirdness & Mutations

You have sharp claws.
You have razor-sharp teeth.
You have supernaturally acute eyesight. (SInv)
You cover ground quickly. (Speed+)
You are covered in fur. (AC +1)
Your paws help you pounce on unaware monsters.
You are incapable of wielding weapons or throwing items.
You cannot wear armour.
You gain extra lives every three experience levels.


Message History

Found a scroll of fear.
The orc shouts!
You hear an angry hiss. x2
An adder comes into view.
The orc shouts!
An orc comes into view. It is wielding a +0 falchion.
There is a stone staircase leading up here.
The orc closely misses you.
You climb upwards.
There is a stone staircase leading down here.
You scratch the orc.
The orc is heavily wounded.
The adder hisses angrily.
The orc closely misses you.
You scratch the orc.
You kill the orc!
The adder attacks as you move away! The adder closely misses you.
The adder completely misses you.
You miss the adder. The adder closely misses you.
An adder is nearby!
You scratch the adder.
The adder is lightly wounded.
The adder barely misses you. The adder bites you.
* * * LOW HITPOINT WARNING * * *
You closely miss the adder. Your bite misses the adder.
The adder is lightly wounded.
The adder bites you.
* * * LOW HITPOINT WARNING * * *
You are lethally poisoned!
The adder poisons you!
You aren't carrying any potions.
Okay, then.
You closely miss the adder. Your bite misses the adder.
The adder is lightly wounded.
* * * LOW HITPOINT WARNING * * *
You feel sick. The adder bites you but does no damage.
You scratch the adder. Your bite misses the adder.
The adder is heavily wounded.
* * * LOW HITPOINT WARNING * * *
You feel sick. The adder bites you.
You die...

## #. #.
#.## #..#
###S###.#.#
#..@)......
######....#
.... #.. .


You could see an adder.

Vanquished Creatures
  Natasha (D:4)
  2 dart slugs (D:5)
  An orc (D:3)
  A hobgoblin (D:4)
5 creatures vanquished.

Notes
Turn   | Place    | Note
-------+----------+-------------------------------------------
     0 | D:5      | croobank the Felid Delver began the quest for the Orb.
     0 | D:5      | Reached XP level 1. HP: 10/10 MP: 2/2
     9 | D:5      | Noticed a hound
    12 | D:5      | Noticed a bullfrog
    19 | D:4      | Noticed Natasha
    20 | D:4      | Killed Natasha
    21 | D:4      | Reached XP level 2. HP: 5/14 MP: 3/3
    21 | D:4      | Reached XP level 3. HP: 6/17 MP: 4/4
   287 | D:4      | Noticed Ijyb
   347 | D:3      | Slain by an adder

Illustrated notes

Levels and vault maps discovered:
D:3:      layout_rooms, mainiacjoe_overflow_catwalk, grunt_temple_overflow_open,
          gammafunk_ghost_smash
D:4:      layout_loops_corners, minmay_a_box_with_orc_wizards_in_it, uniq_robin,
          uniq_ijyb, uniq_natasha
D:5:      kennysheep_slugbush, layout_basic, mainiacjoe_overflow_24_doors,
          grunt_gozag_statues, minmay_temple_entry_glassed_door

Skill      XL: |  1 |
---------------+----+-----
Dodging        | 3 |  3.3
Fighting       | |  3.3
Stealth        | |  6.9
Unarmed Combat | |  2.4

Action                   || total
-------------------------++-------
Melee: Unarmed           ||    17
       Bite              ||     2
Evoke: Wand              ||     2
  Use: Scroll            ||     2
       Potion            ||     1
 Stab: Sleeping          ||     2
Armor: Skin              ||     1
Dodge: Dodged            ||    12

Table legend: (Time is in decaauts)
 A = Elapsed time spent in this place.
 B = Non-inter-level travel time spent in this place.
 C = Inter-level travel time spent in this place.
 D = Time resting spent in this place.
 E = Time spent auto-exploring this place.
 F = Levels seen in this place.
 G = Mean time per level.
                   A        B        C        D        E       F      G
               +--------+--------+--------+--------+--------+-----+--------+
         Total |    312 |    312 |      0 |    218 |     12 |   3 |  104.0 |
       Dungeon |    312 |    312 |      0 |    218 |     12 |   3 |  104.0 |
               +--------+--------+--------+--------+--------+-----+--------+

Top non-repeatable levels by time:
     D:4: 285 daAuts
     D:5: 19 daAuts
     D:3: 8 daAuts
